 Dungeon Sprint DCSS version 0.22-a0-353-g2d6336e (webtiles) character file.

12502 Hipnos the Bludgeoner (level 11, -12/94 HPs)
             Began as a Minotaur Berserker on Apr 15, 2018.
             Was the Champion of Trog.
             Killed by divine providence
             ... invoked by a meliai
              (13 damage)
             ... in the Dungeon (Sprint I: "Red Sonja").
             The game lasted 00:17:30 (2697 turns).

Hipnos the Bludgeoner (Minotaur Berserker)          Turns: 2697, Time: 00:17:32

Health: -12/94     AC: 17    Str: 31      XL:     11   Next: 63%
Magic:  0/6        EV: 13    Int: -2 (0)  God:    Trog [******]
Gold:   1213       SH:  3    Dex:  5 (6)  Spells: 10/10 levels left

rFire    + . .     SeeInvis .   u - +8 flail of Havoc {holy, rC+ Str+6}
rCold    + . .     Gourm    .   n - +0 buckler
rNeg     . . .     Faith    .   z - +2 scale mail {rF+}
rPois    .         Spirit   +   y - +2 hat
rElec    .         Reflect  .   c - scarf {Spirit}
rCorr    .         Harm     .   (no gloves)
MR       .....     Rnd*Rage +   (no boots) Stlth ..........NoTele +
                                (no amulet)
HPRegen  0.25/turn              k - +3 ring of protection
MPRegen  0.10/turn              A - +3 ring of protection

@: slowed, lost intelligence, very slow
A: retaliatory headbutt, horns 2, berserk 1, clumsy 2, deformed body,
deterioration 2, dopey 2, frail 2, low mp 3, screaming 2, subdued magic 1
a: Berserk, Trog's Hand, Brothers in Arms, Renounce Religion


You were in the Dungeon.
You worshipped Trog.
Trog was exalted by your worship.
You were hungry.

You visited 1 branch You collected 2431 gold pieces.
You spent 1218 gold pieces at shops.

Inventory:

Hand Weapons
 a - a +0 mace
 q - a +1 dire flail of protection
 r - a +1 antimagic great mace
 t - a +1 antimagic dire flail
 u - the +8 flail of Havoc (weapon) {holy, rC+ Str+6}
   (Trog gifted it to you in the Dungeon)

   It has been blessed by the Shining One to cause great damage to the undead
   and demons.
   It affects your strength (+6).
   It protects you from cold.
 B - a +5 flail of protection
Armour
 b - a +0 animal skin
 c - a scarf of spirit shield (worn)
 e - a +0 chain mail
 l - a +0 scale mail
 n - a +0 buckler (worn)
 y - a +2 hat (worn)
 z - a +2 scale mail of fire resistance (worn)
Jewellery
 k - a +3 ring of protection (left hand)
 A - a +3 ring of protection (right hand)
Wands
 o - a wand of enslavement (13)
Scrolls
 f - a scroll of amnesia {unknown}
 h - 2 scrolls of identify {unknown}
 i - a scroll of blinking
 j - a scroll of fear {unknown}
 p - a scroll of enchant armour {unknown}
 v - a scroll of enchant weapon {unknown}
Potions
 d - 3 potions of curing
 g - 2 potions of magic
 m - a potion of degeneration {unknown}
Miscellaneous
 w - a lightning rod (4/4)
 x - a phantom mirror
Comestibles
 s - a ration


   Skills:
 + Level 17.8 Fighting
 + Level 19.5 Maces & Flails
 + Level 17.1 Armour
 + Level 10.4 Dodging
 + Level 1.2 Stealth
 + Level 3.3 Shields


You had 10 spell levels left.
You didn't know any spells.

Dungeon Overview and Level Annotations

Branches:
Dungeon (1/1)

Altars:
Cheibriados
Dithmenos
Elyvilon
Fedhas
Gozag
Hepliaklqana
Kikubaaqudgha
Makhleb
Nemelex Xobeh
Okawaru
Qazlal
Ru
Sif Muna
Trog
Uskayaw
Vehumet
Wu Jian
Xom
Yredelemnul
Zin
The Shining One
Jiyva
Lugonu

Shops:
D ==*=(%}![*:}[:}==!=[%


Innate Abilities, Weirdness & Mutations

You reflexively headbutt those who attack you in melee.
You have a pair of horns on your head.
You tend to lose your temper in combat.
You are very clumsy. (Dex -4)
Armour fits poorly on your strangely shaped body.
Your body often deteriorates upon taking damage.
You are very dopey. (Int -4)
You are very frail. (-20% HP)
Your magical capacity is extremely low. (-30% MP)
You sometimes yell uncontrollably at your foes.
Your spells are a little easier to cast, but a little less powerful.


Message History

You now have 1159 gold pieces (gained 27).
You now have 1186 gold pieces (gained 27).
You see here 27 gold pieces.
The meliai invokes the aid of its god against you.
Something smites you!
You see here 27 gold pieces.
You now have 1213 gold pieces (gained 27).
The meliai mumbles some strange prayers to its god against you.
Something smites you!
* * * LOW HITPOINT WARNING * * *
The meliai mumbles some strange prayers to its god against you.
Something smites you!
* * * LOW HITPOINT WARNING * * *
You feel better.
The meliai mumbles some strange prayers to its god against you.
Something smites you!
* * * LOW HITPOINT WARNING * * *
The meliai calls down the wrath of its god upon you.
Something smites you!
You die...

_####...'..#§#.###
##§.#####§.'.#'#$###
§§§§#..##'####^.$#y#
≈≈.§'..#.§...#..$###
§§§.#..#.§§§.'§.$$$#
'#####'###§.§#^....#
.(.###.§§#.§.###''##
'###.###§#..###..##
...'.∩##.#..####@.###
########§##+#..#§.#§###
.....§##.# #§.§§.....#
†......§§####.§.......#
†'######§#.['......####
.......#§#####...###
......#+§# #####
.....≈#### ....≈≈#


You could see a meliai.

Vanquished Creatures
  A lorocyproca (D)
  2 centaur warriors (D)
  Sonja (D)
  2 unseen horrors (D)
  A deep troll (D)
  A lindwurm (D)
  An oklob plant (D)
  8 shining eyes (D)
  A gargoyle (D)
  4 demonic crawlers (D)
  2 kobold demonologists (D)
  A slime creature (D)
  A hornet (D)
  2 redbacks (D)
  Sigmund (D)
  A yak (D)
  6 floating eyes (D)
  7 necrophages (D)
  An ogre (D)
  8 jellies (D)
  Ijyb (D)
  5 ballistomycetes (D)
58 creatures vanquished.

Vanquished Creatures (others)
  the Lernaean hydra (D)
  A hydra (D)
  2 merfolk sirens (D)
  A gargoyle (D)
  4 hornets (D)
  A floating eye (D)
  2 ballistomycete spores (D)
12 creatures vanquished.

Grand Total: 70 creatures vanquished

Notes
Turn   | Place    | Note
-------+----------+-------------------------------------------
     0 | D        | Hipnos the Minotaur Berserker began the quest for the Orb.
     0 | D        | Reached XP level 1. HP: 19/19 MP: 0/0
     1 | D        | Noticed Ijyb
    19 | D        | Killed Ijyb
    19 | D        | Reached skill level 5 in Fighting
    19 | D        | Reached skill level 5 in Maces & Flails
    19 | D        | Reached XP level 2. HP: 21/29 MP: 1/1
   102 | D        | Noticed an ogre
   106 | D        | Killed an ogre
   106 | D        | Reached skill level 7 in Maces & Flails
   106 | D        | Reached XP level 3. HP: 34/39 MP: 2/2
   106 | D        | Reached XP level 4. HP: 41/47 MP: 3/3
   109 | D        | Noticed Sigmund
   121 | D        | Killed Sigmund
   121 | D        | Reached ** piety under Trog
   121 | D        | Reached skill level 10 in Maces & Flails
   121 | D        | Reached skill level 5 in Armour
   121 | D        | Reached skill level 5 in Dodging
   121 | D        | Reached XP level 5. HP: 11/57 MP: 4/4
   381 | D        | Found a burning altar of Makhleb.
   381 | D        | Found a viscous altar of Jiyva.
   381 | D        | Found a shimmering altar of Xom.
   381 | D        | Found a corrupted altar of Lugonu.
   381 | D        | Noticed a slime creature
   389 | D        | Killed a slime creature
   389 | D        | Reached skill level 10 in Fighting
   389 | D        | Reached skill level 11 in Maces & Flails
   389 | D        | Reached XP level 6. HP: 67/67 MP: 5/5
   390 | D        | Found an ornate altar of the Wu Jian Council.
   390 | D        | Found a deep blue altar of Sif Muna.
   392 | D        | Found a radiant altar of Vehumet.
   421 | D        | Noticed Sonja
   431 | D        | Killed Sonja
   431 | D        | Reached *** piety under Trog
   431 | D        | Reached skill level 13 in Maces & Flails
   431 | D        | Reached XP level 7. HP: 66/75 MP: 6/6
   431 | D        | Reached XP level 8. HP: 73/83 MP: 7/7
   452 | D        | Found Fyr Inu's Jewellery Emporium.
   452 | D        | Found an ancient bone altar of Kikubaaqudgha.
   452 | D        | Found a hazy altar of Hepliaklqana.
   452 | D        | Found a stormy altar of Qazlal.
   452 | D        | Found a hide-covered altar of Uskayaw.
   452 | D        | Found a blossoming altar of Fedhas.
   452 | D        | Found a bloodstained altar of Trog.
   452 | D        | Found an iron altar of Okawaru.
   452 | D        | Found a basalt altar of Yredelemnul.
   452 | D        | Found a glowing golden altar of the Shining One.
   452 | D        | Found a snail-covered altar of Cheibriados.
   452 | D        | Found a sacrificial altar of Ru.
   452 | D        | Found a glowing silver altar of Zin.
   452 | D        | Found a shadowy altar of Dithmenos.
   452 | D        | Found a white marble altar of Elyvilon.
   458 | D        | Found an opulent altar of Gozag.
   459 | D        | Found a sparkling altar of Nemelex Xobeh.
   463 | D        | Bought a +3 ring of protection for 294 gold pieces
   613 | D        | Noticed a deep troll
   622 | D        | HP: 2/124 [deep troll (9)]
   624 | D        | Killed a deep troll
   624 | D        | Reached skill level 14 in Maces & Flails
   624 | D        | Reached skill level 10 in Armour
   635 | D        | Found Xakk's Armour Emporium.
   899 | D        | Bought a scarf of spirit shield for 126 gold pieces
   899 | D        | Bought a +0 buckler for 63 gold pieces
   923 | D        | Found Mohauhac's Jewellery Boutique.
  1102 | D        | Noticed a centaur warrior
  1102 | D        | Noticed a centaur warrior
  1112 | D        | Killed a centaur warrior
  1112 | D        | Reached skill level 15 in Maces & Flails
  1112 | D        | Reached XP level 9. HP: 67/93 MP: 3/8
  1116 | D        | Killed a centaur warrior
  1116 | D        | Reached **** piety under Trog
  1337 | D        | Reached skill level 16 in Maces & Flails
  1349 | D        | Noticed an oklob plant
  1365 | D        | Killed an oklob plant
  1385 | D        | Reached ***** piety under Trog
  1397 | D        | Killed a merfolk siren
  1440 | D        | Noticed a shining eye
  1440 | D        | Noticed a shining eye
  1440 | D        | Noticed a shining eye
  1440 | D        | Noticed a shining eye
  1440 | D        | Noticed a shining eye
  1440 | D        | Noticed a shining eye
  1440 | D        | Gained mutation: Your magical capacity is low. (-10% MP) [a shining eye]
  1441 | D        | Reached XP level 10. HP: 11/104 MP: 8/8
  1441 | D        | Gained mutation: Armour fits poorly on your strangely shaped body. [a shining eye]
  1442 | D        | Gained mutation: You occasionally shout uncontrollably at your foes. [a shining eye]
  1443 | D        | Paralysed by a floating eye for 3 turns
  1446 | D        | Gained mutation: You are dopey. (Int -2) [a shining eye]
  1447 | D        | Gained mutation: You are clumsy. (Dex -2) [a shining eye]
  1449 | D        | Gained mutation: You tend to lose your temper in combat. [a shining eye]
  1450 | D        | Gained mutation: You are frail. (-10% HP) [a shining eye]
  1451 | D        | Lost intelligence.
  1451 | D        | Gained mutation: You are very dopey. (Int -4) [a shining eye]
  1454 | D        | Received a gift from Trog
  1456 | D        | Gained mutation: Your body sometimes deteriorates upon taking damage. [a shining eye]
  1456 | D        | Lost mutation: You tend to lose your temper in combat. [a shining eye]
  1457 | D        | Killed a shining eye
  1457 | D        | Reached skill level 15 in Fighting
  1459 | D        | Lost mutation: You are frail. (-10% HP) [a shining eye]
  1460 | D        | Killed a shining eye
  1460 | D        | Reached skill level 17 in Maces & Flails
  1460 | D        | Reached skill level 1 in Shields
  1460 | D        | Gained mutation: Your body often deteriorates upon taking damage. [a shining eye]
  1460 | D        | Gained mutation: You are very clumsy. (Dex -4) [a shining eye]
  1462 | D        | Gained mutation: Your spells are a little easier to cast, but a little less powerful. [a shining eye]
  1464 | D        | Killed a shining eye
  1464 | D        | Gained mutation: Your magical capacity is very low. (-20% MP) [a shining eye]
  1467 | D        | Killed a shining eye
  1471 | D        | Killed a shining eye
  1475 | D        | Killed a shining eye
  1475 | D        | Reached skill level 15 in Armour
  1482 | D        | Received a gift from Trog
  1490 | D        | Noticed a shining eye
  1490 | D        | Noticed a shining eye
  1491 | D        | Gained mutation: You are frail. (-10% HP) [a shining eye]
  1493 | D        | Gained mutation: Your magical capacity is extremely low. (-30% MP) [a shining eye]
  1496 | D        | Gained mutation: You are very frail. (-20% HP) [a shining eye]
  1497 | D        | Killed a shining eye
  1497 | D        | Gained mutation: You sometimes yell uncontrollably at your foes. [a shining eye]
  1500 | D        | Gained mutation: You tend to lose your temper in combat. [a shining eye]
  1501 | D        | Killed a shining eye
  1501 | D        | Reached skill level 18 in Maces & Flails
  1505 | D        | Found Vupateck's Jewellery Shoppe.
  1505 | D        | Found Kodd's Food Boutique.
  1505 | D        | Found Tuos's Assorted Antiques.
  1506 | D        | Found Otacuxt's Antique Weapon Shop.
  1521 | D        | Bought a ration for 70 gold pieces
  1521 | D        | Bought a ration for 70 gold pieces
  1521 | D        | Bought a ration for 70 gold pieces
  1533 | D        | Killed a merfolk siren
  1690 | D        | Killed the 27-headed Lernaean hydra
  1711 | D        | Killed a 12-headed hydra
  1721 | D        | Killed an unseen horror
  1721 | D        | Reached XP level 11. HP: 53/92 MP: 1/6
  1737 | D        | Killed an unseen horror
  1912 | D        | Received a gift from Trog
  1922 | D        | Found the +7 Spriggan's Knife {MR+ EV+4 Dex+4 Stlth+}
  1937 | D        | Received a gift from Trog
  1937 | D        | Reached ****** piety under Trog
  1949 | D        | Got an iridescent flail {god gift}
  1950 | D        | Identified the +8 flail of Havoc {holy, rC+ Str+6} (Trog gifted it to you in the Dungeon)
  1973 | D        | Found Uhoumets's Distillery.
  1973 | D        | Found Raetanto's Gadget Shop.
  1973 | D        | Found Dibbo's Armour Boutique.
  1975 | D        | Found Xuwk's General Store.
  1975 | D        | Found Initezao's Book Shop.
  1975 | D        | Found Doxeynuk's Gadget Shoppe.
  1975 | D        | Found Boghin's Antique Armour Boutique.
  1975 | D        | Found Ruzxuff's Book Emporium.
  1975 | D        | Found Uqaj's Gadget Shop.
  1975 | D        | Found Yvepiuv's Jewellery Shoppe.
  1979 | D        | Found Haownadgh's Jewellery Boutique.
  1980 | D        | Found Juurur's Jewellery Emporium.
  1980 | D        | Found Bampy's Distillery.
  1981 | D        | Found Iqoagy's Food Emporium.
  1983 | D        | Bought a runed hat for 126 gold pieces
  2001 | D        | Bought a shiny scale mail for 126 gold pieces
  2022 | D        | Bought a +3 ring of protection for 273 gold pieces
  2102 | D        | Reached skill level 10 in Dodging
  2111 | D        | Reached skill level 19 in Maces & Flails
  2114 | D        | Received a gift from Trog
  2348 | D        | Noticed a lindwurm
  2353 | D        | Killed a lindwurm
  2353 | D        | Reached skill level 1 in Stealth
  2509 | D        | Killed a lorocyproca
  2697 | D        | HP: 1/94 [meliai/divine providence (12)]
  2697 | D        | Killed from afar by a meliai

Vault maps used:
D:        dungeon_sprint_1

Skill      XL: |  1  2  3  4  5  6  7  8  9 10 11 |
---------------+----------------------------------+-----
Fighting       | 5 7 9 10 11 13 14 16 17 | 17.8
Maces & Flails | 5 7 10 11 13 15 16 18 19 | 19.5
Armour         | 3 5 6 8 11 13 15 17 | 17.1
Dodging        | 3 4 5 6 7 8 9 10 | 10.4
Shields        | 2 3 |  3.3
Stealth        | 1 |  1.2

Action                   |  1- 3 |  4- 6 |  7- 9 | 10-12 || total
-------------------------+-------+-------+-------+-------++-------
Melee: Mace              |    18 |    25 |    77 |    30 ||   150
       Headbutt          |     3 |     3 |    22 |    20 ||    48
       Great mace        |       |       |       |    49 ||    49
       Flail             |       |       |       |    28 ||    28
Invok: Berserk           |       |     2 |     2 |       ||     4
       Trog's Hand       |       |       |     1 |       ||     1
  Use: Potion            |     2 |     1 |     1 |     1 ||     5
  Eat: Ration            |       |       |     1 |     2 ||     3
       Chunk             |       |       |     1 |       ||     1
Armor: Animal skin       |     1 |       |       |       ||     1
       Chain mail        |       |     8 |    14 |    62 ||    84
       Scale mail        |       |       |       |    23 ||    23
Dodge: Dodged            |     6 |    12 |    21 |    65 ||   104
Block: Buckler           |       |       |     3 |    11 ||    14

Table legend:
 A = Spawn XP
 B = Non-spawn XP
 C = Spawn XP percentage of total XP
 D = Spawn monster count
 E = Non-spawn monster count
 F = Spawn count percentage of total count
 G = Total turns spent on level
                    A         B        C        D         E        F      G
               +---------+---------+-------+---------+---------+-------+---------
         Total |       0 |   17861 |   0.0 |       0 |      53 |   0.0 |  2697
               +---------+---------+-------+---------+---------+-------+---------
             D |       0 |   17861 |   0.0 |       0 |      53 |   0.0 |  2697
               +---------+---------+-------+---------+---------+-------+---------
